 Dungeon Crawl Stone Soup version 0.28.0-45-g0d030f2227 (webtiles) character file.

Game seed: 12335903472547077118

14 zeratav the Insei (level 2, 0/18 HPs)
             Began as an Octopode Transmuter on Apr 11, 2022.
             Killed from afar by a dart slug (2 damage)
             ... with a slug dart
             ... on level 1 of the Dungeon.
             The game lasted 00:01:27 (632 turns).

zeratav the Insei (Octopode Transmuter)              Turns: 632, Time: 00:01:28

Health: 0/18       AC:  1    Str:  9    XL:     2   Next: 45%
Magic:  5/5        EV: 13    Int: 15    God:
Gold:   41         SH:  0    Dex: 12    Spells: 4/5 levels left

rFire   . . .      SeeInvis .     - Unarmed
rCold   . . .      Faith    .   (no shield)
rNeg    . . .      Spirit   .   (helmet restricted)
rPois   .          Reflect  .   (no amulet)
rElec   .          Harm     .   (no ring)
rCorr   .          Rampage  .   (no ring)
Will    .....                   (no ring)
Stlth   +++.......              (no ring)
HPRegen 0.06/turn               (no ring)
MPRegen 0.09/turn               (no ring)
                                (no ring)
                                (no ring)

@: no status effects
A: almost no armour, amphibious, 8 rings, camouflage 1, gelatinous body 1,
(nimble swimmer 1), tentacles
a: no special abilities


You were on level 1 of the Dungeon.
You visited 1 branch of the dungeon, and saw 1 of its levels.

You collected 41 gold pieces.


Innate Abilities, Weirdness & Mutations

You cannot wear most types of armour.
You are amphibious.
You can wear up to eight rings at the same time.
Your skin changes colour to match your surroundings (Stealth+).
Your rubbery body absorbs attacks. (AC +1, EV +1)
((You are camouflaged when in or above water. (Stealth+)))
You have tentacles for arms and can constrict up to eight enemies at once.


   Skills:
 + Level 1.3 Fighting
 + Level 2.2 Dodging
 + Level 1.1 Stealth
 * Level 3.3 Unarmed Combat
 - Level 2.0 Spellcasting
 - Level 2.0 Transmutations


You had 4 spell levels left.
You knew the following spells:

 Your Spells              Type           Power      Damage    Failure   Level
a - Beastly Appendage     Tmut           14%        N/A       10%         1

Your spell library contained the following spells:

 Spells                   Type           Power      Damage    Failure   Level
 Wereblood                Tmut           7%         N/A       14%         2
 Spider Form              Tmut/Pois      4%         N/A       41%         3
 Ice Form                 Ice/Tmut       4%         N/A       82%         4

Inventory:

Jewellery
 b - an amulet of faith {!P}
   (You found it on level 1 of the Dungeon)
Scrolls
 a - a scroll of amnesia {unknown}
Potions
 c - 2 potions of cancellation {unknown}

Dungeon Overview and Level Annotations

Branches:
Dungeon (1/15)

Altars:

#....##..#.#..|..#
#....##..#†#.....#
###....##..#.#.....#
#..[...##..#.#.....#
##.#....##..#.#.....#
##...###.#####.#.....#
##.....##.# #.#.....#
##.8...8.#.# #.#..#...
#.......@..#
#....⌠...w##
#.........#
##.8...8.## ##.....##
##...## #####


You could see a dart slug.


Message History

You barely miss the giant cockroach. Your grab misses the giant cockroach.
Your tentacle spike misses the giant cockroach.
The giant cockroach bites you.
HP[-2]
You take 2 damage, and now have 10/18 hp.
You closely miss the giant cockroach. Your grab misses the giant cockroach.
You squeeze the giant cockroach, but do no damage.
The giant cockroach barely misses you.
You tentacle-slap the giant cockroach. You grab the giant cockroach.
Your transformation is almost over.
You constrict the giant cockroach. The giant cockroach closely misses you.
You tentacle-slap the giant cockroach but do no damage.
You squeeze the giant cockroach.
You kill the giant cockroach!
The ball python barely misses you. x2
You closely miss the ball python. You grab the ball python.
You pierce the ball python.
You constrict the ball python.
You kill the ball python!
There is an open door here.
Things that are here:
a giant cockroach corpse; a rat corpse MP[+1]
Your mp is fully restored (5).
HP[+1]
You now have 26 gold pieces (gained 14).
Your tentacle spike disappears.
b - an amulet of faith {!P} You see here a staff of fire {staff}.
You start resting.
HP[+7]
Your hp is fully restored (18).
A bat comes into view.
You see here 2 sedimented white potions.
You see here 10 gold pieces.
You now have 36 gold pieces (gained 10).
The bat misses you.
You see here 2 sedimented white potions.
c - 2 sedimented white potions The bat hits you.
HP[-1]
You take 1 damage, and now have 17/18 hp.
The bat closely misses you.
One of your tentacles grows a vicious spike.
The bat barely misses you.
MP[-1]
You lost 1 mp, and now have 4/5 mp.
The bat misses you. The bat hits you but does no damage.
You barely miss the bat. Your grab misses the bat.
The bat closely misses you. x2
You tentacle-slap the bat.
You kill the bat!
No target in view!
No target in view!
No target in view!
No target in view!
No target in view!
No target in view!
No target in view!
No target in view!
No target in view!
No target in view!
HP[+1]
Your hp is fully restored (18).
Your transformation is almost over.
You see here a +0 leather armour.
You now have 41 gold pieces (gained 5).
MP[+1]
Your mp is fully restored (5).
Your tentacle spike disappears.
A dart slug comes into view.
The dart slug launches a dart at you. The slug dart hits you.
HP[-4]
You take 4 damage, and now have 14/18 hp.
MASSIVE DAMAGE!! (PAUSE)
The dart slug launches a dart at you. The slug dart hits you.
HP[-3]
You take 3 damage, and now have 11/18 hp.
The dart slug launches a dart at you. The slug dart hits you.
* * * LOW HITPOINT WARNING * * *
HP[-3]
You take 3 damage, and now have 8/18 hp.
The dart slug launches a dart at you. The slug dart hits you.
* * * LOW HITPOINT WARNING * * *
HP[-1]
You take 1 damage, and now have 7/18 hp.
The dart slug launches a dart at you. The slug dart hits you.
* * * LOW HITPOINT WARNING * * *
HP[-5]
You take 5 damage, and now have 2/18 hp.
MASSIVE DAMAGE!! (PAUSE)
You tentacle-slap the dart slug but do no damage.
You grab the dart slug. You constrict the dart slug.
You tentacle-slap the dart slug. You constrict the dart slug.
The dart slug launches a dart at you. The slug dart hits you.
You die...

Skill      XL: |  1  2 |
---------------+-------+-----
Stealth        | 1 |  1.1
Fighting       | |  1.3
Dodging        | |  2.2
Unarmed Combat | |  3.3
Spellcasting   | |  2.0
Transmutations | |  2.0

Action                   || total
-------------------------++-------
Melee: Unarmed           ||    30
       Constrict         ||     8
       Kick              ||     3
       Tentacles         ||     5
 Cast: Beastly Appendage ||     7
 Stab: Sleeping          ||     4
Armor: Skin              ||     3
Dodge: Dodged            ||    17

Levels and vault maps discovered:
D:1:      elethiomel_arrival_shortcut, layout_basic,
          wad_floor_pattern_untrapped, amcnicky_mini_corridor_feature,
          grunt_decor_arrowhead, hangedman_decor_points, minmay_splitting_lines,
          serial_bayou_pond_d

Notes
Turn   | Place    | Note
-------+----------+-------------------------------------------
     0 | D:1      | zeratav the Octopode Transmuter began the quest for the
                  | Orb.
     0 | D:1      | Reached XP level 1. HP: 13/13 MP: 3/3
     0 | D:1      | magus.rc [v1.9.6]
    33 | D:1      | HP: 1/13 [kobold/+0 short sword (4)]
   374 | D:1      | Reached XP level 2. HP: 15/18 MP: 3/5
   445 | D:1      | Reached skill level 1 in Stealth
   630 | D:1      | HP: 2/18 [dart slug/slug dart (5)]
   632 | D:1      | Killed from afar by a dart slug

Vanquished Creatures
  A ball python (D:1)
  A giant cockroach (D:1)
  3 goblins (D:1)
  A hobgoblin (D:1)
  3 bats (D:1)
  4 kobolds (D:1)
  A rat (D:1)
14 creatures vanquished.

Table legend:
 A = Non-vault XP
 B = Vault XP
 C = Vault XP percentage of total XP
 D = Non-vault monster count
 E = Vault monster count
 F = Vault count percentage of total count
                 A         B        C        D         E       F
            +---------+---------+-------+---------+---------+-------
      Total |      21 |       0 |   0.0 |      14 |       0 |   0.0
            +---------+---------+-------+---------+---------+-------
        D:1 |      21 |       0 |   0.0 |      14 |       0 |   0.0
            +---------+---------+-------+---------+---------+-------

Illustrated notes

Table legend:
 A = Kills in this place as a percentage of kills in entire the game.
 B = Kills by you in this place as a percentage of kills by you in the entire game.
 C = Kills by friends in this place as a percentage of kills by friends in the entire game.
 D = Other kills in this place as a percentage of other kills in the entire game.
 E = Experience gained in this place as a percentage of experience gained in the entire game.
 F = Experience gained in this place divided by the number of levels of this place that you have seen.
                   A       B       C       D       E      F
               +-------+-------+-------+-------+-------+----------------------
         Total | 100.0 | 100.0 |   N/A |   N/A | 100.0 |  21.0
       Dungeon | 100.0 | 100.0 |   N/A |   N/A | 100.0 |  21.0
               +-------+-------+-------+-------+-------+----------------------

Table legend: (Time is in decaauts)
 A = Elapsed time spent in this place.
 B = Non-inter-level travel time spent in this place.
 C = Inter-level travel time spent in this place.
 D = Time resting spent in this place.
 E = Time spent auto-exploring this place.
 F = Levels seen in this place.
 G = Mean time per level.
                   A        B        C        D        E       F      G
               +--------+--------+--------+--------+--------+-----+--------+
         Total |    630 |    621 |      9 |    402 |     65 |   1 |  630.0 |
       Dungeon |    630 |    621 |      9 |    402 |     65 |   1 |  630.0 |
               +--------+--------+--------+--------+--------+-----+--------+

Top non-repeatable levels by time:
     D:1: 630 daAuts
